 Dungeon Crawl Stone Soup version 0.31.0-12-g77e489cdc1 (webtiles) character file.

Game seed: 13397828609818083312

2132 Chiseanne the Trooper (level 9, -15/71 HPs)
             Began as a Demonspawn Wanderer on Feb 17, 2024.
             Was an Initiate of Gozag.
             Demolished by a sun demon (17 damage)
             ... summoned by a kobold demonologist
             ... on level 7 of the Dungeon.
             The game lasted 00:11:23 (4653 turns).

Chiseanne the Trooper (Demonspawn Wanderer)         Turns: 4653, Time: 00:11:24

Health: -15/71     AC: 11    Str: 12    XL:     9   Next: 9%
Magic:  10/10      EV: 18    Int: 18    God:    Gozag
Gold:   413        SH:  0    Dex: 19    Spells: 10/10 levels left

rFire   . . .        a - +2 quarterstaff (spect)
rCold   . . .        (shield currently unavailable)
rNeg    + + .        i - +0 scale mail
rPois   .            (no helmet)
rElec   .            y - +0 cloak
rCorr   .            (no gloves)
SInv    .            d - +1 pair of boots
Will    .....        l - amulet of regeneration
Stlth   +            p - +6 ring of dexterity
HPRegen 1.11/turn    s - ring "Waat" {rN++ EV+5 Str-3 Int+4}
MPRegen 0.12/turn

%: no passive effects
@: lethally poisoned (-15 -> -18), gold aura
A: foul stench 1, powered by pain 1, sturdy frame 1, demonic touch 2
a: Renounce Religion, Potion Petition, Call Merchant, Bribe Branch


You were on level 7 of the Dungeon.
You worshipped Gozag.
Gozag was aware of your devotion.
You visited 2 branches of the dungeon, and saw 8 of its levels.

You collected 537 gold pieces.
You paid 124 gold pieces to Gozag.

Inventory:

Hand Weapons
 a - a +2 spectral quarterstaff (weapon)
 e - a +2 whip of electrocution
 r - a +2 quarterstaff of chaos
Missiles
 k - 9 stones
 o - 4 boomerangs
 u - 13 poisoned darts
Armour
 d - a +1 pair of boots (worn)
 i - a +0 scale mail (worn)
 y - a +0 cloak (worn)
 A - an orb of wrath
 C - a +0 helmet
Jewellery
 l - an amulet of regeneration (around neck)
 p - a +6 ring of dexterity (left hand)
 q - a ring of poison resistance
 s - the ring "Waat" (right hand) {rN++ EV+5 Str-3 Int+4}
   (You took it off a hobgoblin on level 3 of the Dungeon)

   [ring of evasion]

   EV+5:      It affects your evasion (+5).
   Str-3:     It affects your strength (-3).
   Int+4:     It affects your intelligence (+4).
   rN++:      It greatly protects you from negative energy.
 E - a ring of ice
 G - an amulet of magic regeneration
Talismans
 t - a beast talisman
 v - a maw talisman
Wands
 b - a wand of flame (28)
 m - a wand of acid (2) (quivered)
 n - a wand of iceblast (5)
Scrolls
 x - a scroll of fog
 B - a scroll of blinking
Potions
 c - a potion of brilliance
 f - 6 potions of curing
 g - 2 potions of heal wounds
 h - a potion of might {unknown}
 j - a potion of magic {unknown}
 w - a potion of mutation
 z - a potion of lignification {unknown}
 F - a potion of invisibility


   Skills:
 * Level 6.9 Fighting
 - Level 4.5 Staves
 * Level 6.1 Armour
 * Level 6.1 Dodging
 - Level 1.0 Spellcasting
 - Level 2.0 Hexes
 - Level 2.0 Evocations


You had 10 spell levels left.
You didn't know any spells.
Your spell library contained the following spells:

 Spells                   Type           Power      Damage    Failure   Level
 Jinxbite                 Hex            16%        N/A       32%         2
 Sting                    Conj/Alch      0%         1d3       45%         1
 Ensorcelled Hibernation  Hex/Ice        8%         N/A       45%         2
 Mercury Vapours          Alch/Air       0%         N/A       58%         2
 Olgreb's Toxic Radiance  Alch           0%         N/A       99%         4


Dungeon Overview and Level Annotations

Branches:
Dungeon (7/15)             Temple (1/1) D:7

Altars:
Ashenzari
Cheibriados
Dithmenos
Fedhas
Gozag
Hepliaklqana
Kikubaaqudgha
Makhleb
Okawaru
Sif Muna
Trog
Uskayaw
Wu Jian
Xom
Yredelemnul

Shops:
D:7 =


Innate Abilities, Weirdness & Mutations

You may rarely emit foul miasma when damaged in melee.
You sometimes gain a little power by taking damage.
Your movements are slightly less encumbered by armour. (ER -2)
Your touch may inflict irresistible damage on your foes.


Message History

The kobold demonologist is engulfed in dark miasma.
The kobold demonologist is poisoned.
The kobold demonologist seems to slow down.
The kobold demonologist hits you with a +2 dagger of venom.
You are more poisoned.
You completely miss the kobold demonologist.
The kobold demonologist is lightly wounded.
Your +2 spectral quarterstaff hits the kobold demonologist!
You feel very sick.
The kobold demonologist is no longer moving slowly.
The kobold demonologist misses you.
The kobold demonologist is engulfed in dark miasma.
The kobold demonologist looks even sicker.
The kobold demonologist closely misses you.
You thump the kobold demonologist!
The kobold demonologist is severely wounded.
Your +2 spectral quarterstaff hits the kobold demonologist.
You feel very sick.
The kobold demonologist barely misses you.
The kobold demonologist is engulfed in dark miasma.
The kobold demonologist looks even sicker.
You kill the kobold demonologist!
Your Armour skill increases to level 6!
Your Dodging skill increases to level 6!
You have reached level 9!
Your experience leads to an increase in your attributes!
Your base attributes are Str 13, Int 14, Dex 13.
Increase (s)trength, (i)ntelligence, or (d)exterity?
You feel stronger. x2
You closely miss the kobold demonologist.
The kobold demonologist is severely wounded.
Your +2 spectral quarterstaff hits the kobold demonologist but does no damage.
You feel very sick.
The kobold demonologist hits you with a +0 dagger.
* * * LOW HITPOINT WARNING * * *
The sun demon hits you!!
* * * LOW HITPOINT WARNING * * *
You are engulfed in flames!
You die...
Your body crumbles into a pile of gold.

### ##.## #[..# ### ## ##.##
#.## ###. #...#### ##..# ##.#.
#####....(@####...# ###....
###........K3○......# #......
##...................# ##..###
#...................######....
#......#.#...##.....###.....##
#......#......#......#......##
##......>..............##...##
#∩.......#..........####.....
#......#......##...## #......


You could see a sun demon (summoned), a kobold demonologist and a friendly +2
spectral quarterstaff.

Vanquished Creatures
  A kobold demonologist (D:7)
  A steam dragon (D:7)
  Edmund (D:6)
  An orc warrior (D:7)
  An ice beast (D:5)
  A black bear (D:7)
  2 ogres (D:5)
  A centaur (D:7)
  A bullfrog (D:7)
  2 kobold brigands
  4 scorpions
  An orc priest (D:5)
  4 hounds
  A gnoll bouda (D:7)
  Crazy Yiuf (D:5)
  An iguana (D:5)
  Ijyb (D:4)
  6 orc wizards (D:7)
  10 gnolls
  3 adders
  A shadow imp (D:5)
  A white imp (D:7)
  4 ufetubi (D:7)
  5 dart slugs
  11 orcs
  4 ball pythons (D:1)
  7 endoplasms
  A giant cockroach (D:3)
  12 hobgoblins
  4 jackals (D:1)
  A quokka (D:1)
  6 bats
  7 frilled lizards
  3 goblins
  11 kobolds
  5 rats
127 creatures vanquished.

Vanquished Creatures (others)
  An orc (D:7)
1 creature vanquished.

Grand Total: 128 creatures vanquished

Notes
Turn   | Place    | Note
-------+----------+-------------------------------------------
     0 | D:1      | Chiseanne the Demonspawn Wanderer began the quest for the
                  | Orb.
     0 | D:1      | Chiseanne set off with the following items: a +2
                  | quarterstaff, a wand of flame (7), a potion of brilliance,
                  | a +0 robe; and the following spells available to memorise:
                  | Jinxbite, Ensorcelled Hibernation.
     0 | D:1      | Reached XP level 1. HP: 13/13 MP: 2/2
   106 | D:1      | Gained mutation: Your movements are slightly less
                  | encumbered by armour. (ER -2) [demonic ancestry]
   106 | D:1      | Reached XP level 2. HP: 6/20 MP: 3/3
   254 | D:1      | Reached skill level 1 in Fighting
   273 | D:1      | Reached skill level 1 in Dodging
   373 | D:1      | Reached skill level 1 in Armour
   992 | D:1      | Reached XP level 3. HP: 24/26 MP: 4/4
  1412 | D:2      | Gained mutation: You may rarely emit foul miasma when
                  | damaged in melee. [demonic ancestry]
  1412 | D:2      | Reached XP level 4. HP: 28/33 MP: 5/5
  1796 | D:3      | Found an iron altar of Okawaru.
  1879 | D:3      | Identified the ring "Waat" {rN++ EV+5 Str-3 Int+4}
  2118 | D:4      | Noticed Ijyb
  2130 | D:4      | Killed Ijyb
  2131 | D:4      | Reached XP level 5. HP: 30/39 MP: 6/6
  2256 | D:4      | Found a burning altar of Makhleb.
  2257 | D:4      | Noticed a balrug
  2257 | D:4      | Noticed an angel
  2667 | D:5      | Entered Level 5 of the Dungeon
  2713 | D:5      | Found a runed translucent door.
  2714 | D:5      | Noticed Crazy Yiuf
  2837 | D:5      | Gained mutation: Your touch may inflict minor irresistible
                  | damage on your foes. [demonic ancestry]
  2837 | D:5      | Reached XP level 6. HP: 47/47 MP: 7/7
  2960 | D:5      | Noticed an ice beast
  2976 | D:5      | Killed an ice beast
  3062 | D:5      | Gained mutation: Your touch may inflict irresistible damage
                  | on your foes. [demonic ancestry]
  3062 | D:5      | Reached XP level 7. HP: 54/54 MP: 8/8
  3508 | D:5      | Killed Crazy Yiuf
  3610 | D:6      | Noticed a kobold demonologist
  3618 | D:6      | Noticed a hellwing
  3718 | D:7      | Reached skill level 5 in Fighting
  3768 | D:7      | Gained mutation: You sometimes gain a little power by
                  | taking damage. [demonic ancestry]
  3768 | D:7      | Reached XP level 8. HP: 62/62 MP: 9/9
  3770 | D:7      | Found a staircase to the Ecumenical Temple.
  3784 | Temple   | Entered the Ecumenical Temple
  3803 | Temple   | Became a worshipper of Gozag Ym Sagoz the Greedy
  3892 | D:7      | Reached skill level 5 in Dodging
  3970 | D:7      | Found a bloodstained altar of Trog.
  4010 | D:7      | Reached skill level 5 in Armour
  4118 | D:7      | Chiseanne: STUPID FUCKRS
  4119 | D:7      | Found a snail-covered altar of Cheibriados.
  4186 | D:7      | Found Nish's Jewellery Boutique.
  4438 | D:6      | Noticed Edmund
  4452 | D:6      | Killed Edmund
  4509 | D:6      | Noticed a kobold demonologist
  4524 | D:6      | Noticed a hellwing
  4645 | D:6      | Noticed a smoke demon
  4651 | D:7      | Noticed a sun demon
  4652 | D:7      | Killed a kobold demonologist
  4653 | D:7      | Reached XP level 9. HP: 25/71 MP: 10/10
  4653 | D:7      | HP: 2/71 [sun demon[a kobold demonologist] (19)]
  4653 | D:7      | Demolished by a sun demon

Illustrated notes

Levels and vault maps discovered:
D:1:      sevenhm_arrival_forest_fort_small_6, layout_basic
D:2:      layout_basic, kennysheep_nub
D:3:      layout_rooms, old_standard_altar
D:4:      layout_basic, grunt_temple_overflow_order_and_chaos_2, uniq_ijyb
D:5:      layout_loops_ring, uniq_crazy_yiuf_cottage
D:6:      layout_gridville, nemelex_xobeh_ov_fountains_minmay, elyvilon_altar_3,
          mainiacjoe_overflow_big_doors, serial_shops,
          nicolae_shop_window_shopping, portal_sewer_entry_a,
          corexii_checkpoint, hangedman_abyss_or_decor_passed, uniq_edmund
D:7:      layout_cave_pools, lemuel_round_altar, lemuel_crystal_altar,
          minmay_temple_entry_waves, serial_shops, shop,
          kennysheep_cluttered_room, chequers_arboretum
Temple:   nicolae_temple_slightly_damp_pantheon

Skill      XL: |  1  2  3  4  5  6  7  8 |
---------------+-------------------------+-----
Fighting       | 1 2 3 4 5 6 |  6.9
Dodging        | 1 2 3 4 6 |  6.1
Armour         | 1 2 3 4 6 |  6.1
Staves         | |  4.5
Spellcasting   | |  1.0
Hexes          | |  2.0
Evocations     | |  2.0

Action                     |  1- 3 |  4- 6 |  7- 9 || total
---------------------------+-------+-------+-------++-------
  Melee: Quarterstaff      |   105 |    88 |   149 ||   342
  Evoke: Wand              |       |     4 |     3 ||     7
    Use: Scroll            |     1 |     8 |     3 ||    12
         Potion            |       |       |     3 ||     3
   Stab: Sleeping          |     1 |       |       ||     1
         Distracted        |       |     2 |     1 ||     3
 Armour: Robe              |    28 |       |       ||    28
         Scale mail        |    48 |    45 |   148 ||   241
  Dodge: Dodged            |    52 |    37 |   197 ||   286
